 Dungeon Crawl Stone Soup version 0.25.1-2-g60ff931df9 (webtiles) character file.

Game seed: 12208365192516513578

252 Curus the Cleaver (level 5, -4/67 HPs)
             Began as a Minotaur Berserker on Aug 30, 2020.
             Was a Believer of Trog.
             Slain by a wight
             ... wielding a cursed +4 flail of freezing
              (6 damage)
             ... on level 2 of the Dungeon.
             The game lasted 00:06:50 (1988 turns).

Curus the Cleaver (Minotaur Berserker)              Turns: 1988, Time: 00:06:51

Health: -4/67      AC:  5    Str: 22    XL:     5   Next: 89%
Magic:  4/4        EV: 11    Int:  5    God:    Trog [**....]
Gold:   66         SH:  0    Dex:  9    Spells: 4/4 levels left

rFire    . . .     SeeInvis .   a - +0 hand axe
rCold    . . .     Gourm    .   (no shield)
rNeg     . . .     Faith    .   e - +0 ring mail (curse)
rPois    +         Spirit   .   (helmet restricted)
rElec    .         Reflect  .   (no cloak)
rCorr    .         Harm     .   (no gloves)
MR       .....                  (no boots)
Stlth    ..........             (no amulet)
HPRegen  0.21/turn              (no ring)
MPRegen  0.09/turn              (no ring)

@: berserking (expiring), drained, very quick
A: retaliatory headbutt, horns 2, poison resistance, wild magic 1
a: Berserk, Trog's Hand, Renounce Religion


You were on level 2 of the Dungeon.
You worshipped Trog.
Trog was pleased with you.
You were very hungry.

You visited 1 branch of the dungeon, and saw 2 of its levels.

You collected 66 gold pieces.

Inventory:

Hand Weapons
 a - a +0 hand axe (weapon)
 d - a +2 antimagic whip
Armour
 b - a +0 animal skin
 e - a cursed +0 ring mail (worn)
Jewellery
 f - an uncursed ring of wizardry
Scrolls
 g - a scroll of identify
Comestibles
 c - 2 rations
 h - 3 chunks of flesh


   Skills:
 - Level 3.6(2.8) Fighting
 + Level 8.0(7.2) Axes
 - Level 2.4(1.6) Armour
 - Level 2.1(1.4) Dodging


You had 4 spell levels left.
You didn't know any spells.
Your spell library was empty.

Dungeon Overview and Level Annotations

Branches:
Dungeon (2/15)

Altars:
Qazlal
Uskayaw


Innate Abilities, Weirdness & Mutations

You reflexively headbutt those who attack you in melee.
You have a pair of horns on your head.
Your system is resistant to poisons. (rPois)
Your spells are a little harder to cast, but a little more powerful.


Message History

You destroy the wight!
Trog accepts your kill.
Your base Axes skill increases to level 8!
You hit the wight. Your headbutt misses the wight.
The wight is moderately damaged.
The wight hits you with a cursed +4 flail of freezing.
* * * LOW HITPOINT WARNING * * *
The wight freezes you.
* * * LOW HITPOINT WARNING * * *
You hit the wight. You headbutt the wight.
The wight is almost destroyed.
You closely miss the wight. Your headbutt misses the wight.
The wight is almost destroyed.
The wight hits you but does no damage.
You completely miss the wight. Your headbutt misses the wight.
The wight is almost destroyed.
You closely miss the wight. Your headbutt misses the wight.
The wight is almost destroyed.
The wight hits you with a cursed +4 flail of freezing.
You die...

### #.# #.# ##### #.#
#...# ### #.# #...# #<#
#.##
########...####.#####...
^....gz@...'............
#.######...####.#####.#.
#...# #.# #.#. #...#
#.#####.#.
#...####.......#.
###............##
###......####..##
#......#.# #....
###......'.# #)###


You could see a wight and a hobgoblin.

Vanquished Creatures
  An ice beast (D:2)
  2 wights (D:2)
  2 adders (D:2)
  An ooze (D:1)
  2 dart slugs (D:1)
  2 leopard geckos (D:1)
  A ball python (D:1)
  7 bats
  3 giant cockroaches
  4 goblins
  A hobgoblin (D:1)
  4 jackals (D:2)
  8 kobolds
  4 frilled lizards (D:1)
  4 rats
46 creatures vanquished.

Notes
Turn   | Place    | Note
-------+----------+-------------------------------------------
     0 | D:1      | Curus the Minotaur Berserker began the quest for the Orb.
     0 | D:1      | Reached XP level 1. HP: 19/19 MP: 0/0
   103 | D:1      | Reached skill level 4 in Axes
   174 | D:1      | Reached XP level 2. HP: 26/26 MP: 1/1
   412 | D:1      | Reached skill level 5 in Axes
   514 | D:1      | Reached XP level 3. HP: 25/31 MP: 2/2
   724 | D:1      | Reached ** piety under Trog
  1327 | D:2      | Found a hide-covered altar of Uskayaw.
  1327 | D:2      | Noticed an ice beast
  1339 | D:2      | Killed an ice beast
  1339 | D:2      | Reached skill level 7 in Axes
  1339 | D:2      | Reached XP level 4. HP: 17/39 MP: 3/3
  1339 | D:2      | Reached XP level 5. HP: 20/45 MP: 4/4
  1586 | D:2      | Found a stormy altar of Qazlal.
  1586 | D:2      | Noticed an air elemental
  1587 | D:2      | Noticed a water elemental
  1587 | D:2      | Noticed a fire elemental
  1795 | D:2      | Gained mutation: Your spells are a little harder to cast,
                  | but a little more powerful. [potion of mutation]
  1795 | D:2      | Gained mutation: Your system is resistant to poisons.
                  | (rPois) [potion of mutation]
  1983 | D:2      | Reached skill level 8 in Axes
  1984 | D:2      | HP: 3/67 [wight/cursed +4 flail of freezing (3)]
  1984 | D:2      | HP: 1/67 [wight/cursed +4 flail of freezing (2)]
  1988 | D:2      | Slain by a wight

Illustrated notes

Levels and vault maps discovered:
D:1:      matt_arrival_refuge, layout_basic
D:2:      layout_basic, nicolae_overflow_crystal_walls,
          hangedman_abyss_or_decor_stabs, serial_bayou_pond_d,
          nicolae_qazlal_style_of_elements

Skill      XL: |  1  2  3  4  5 |
---------------+----------------+-----
Axes           | 4 5 7 8 |  8.0
Fighting       | |  3.6
Armour         | |  2.4
Dodging        | |  2.1

Action                   |  1- 3 |  4- 6 || total
-------------------------+-------+-------++-------
Melee: Hand axe          |    97 |    41 ||   138
       Headbutt          |    18 |     4 ||    22
Invok: Berserk           |     1 |     1 ||     2
  Use: Scroll            |     2 |     1 ||     3
       Potion            |     1 |     3 ||     4
  Eat: Chunk             |     1 |     3 ||     4
Armor: Ring mail         |    32 |     5 ||    37
       Animal skin       |     1 |       ||     1
Dodge: Dodged            |    46 |    21 ||    67
